 Dungeon Crawl Stone Soup version 0.26-a0-682-g294304f6e8 (webtiles) character file.

Game seed: 5385001258552363809

(classic levelgen) 2088 EnegeticOcto the Geomancer (level 9, -16/58 HPs)
             Began as a Halfling Earth Elementalist on Oct 20, 2020.
             Was a Follower of Cheibriados.
             Demolished by an orc knight
             ... wielding a +0 broad axe
              (26 damage)
             ... in a bailey.
             The game lasted 00:23:32 (2993 turns).

EnegeticOcto the Geomancer (HaEE)                   Turns: 2993, Time: 00:23:32

Health: -16/58     AC:  7    Str: 11    XL:     9   Next: 52%
Magic:  0/11       EV: 13    Int: 18    God:    Cheibriados [*.....]
Gold:   245        SH:  0    Dex: 19    Spells: 1/11 levels left

rFire    + . .     SeeInvis +   m - +1 whip (elec)
rCold    . . .     Faith    .   (shield restricted)
rNeg     . . .     Spirit   +   k - +0 ring mail {rF+}
rPois    .         Reflect  .   (no helmet)
rElec    .         Harm     .   (no cloak)
rCorr    .         Rampage  .   (no gloves)
MR       .....                  i - +1 pair of boots
Stlth    ++........             n - amulet of guardian spirit
HPRegen  0.19/turn              f - +4 ring of slaying
MPRegen  0.12/turn              A - ring of see invisible

@: very slow
A: small, agile 1, mutation resistance 1
a: Bend Time, Renounce Religion


You were in a bailey.
You worshipped Cheibriados.
Cheibriados was aware of your devotion.
You visited 2 branches of the dungeon, and saw 10 of its levels.
You also visited: Sewer and Bailey.

You collected 381 gold pieces.
You spent 136 gold pieces at shops.

Inventory:

Hand Weapons
 d - a +0 dagger
 e - a +0 hand axe
 m - a +1 whip of electrocution (weapon)
 v - a +1 spear
 x - a +2 mace of venom
Missiles
 b - 145 stones
 g - 16 poisoned darts (quivered)
Armour
 c - a +0 robe
 i - a +1 pair of boots (worn)
 k - a +0 ring mail of fire resistance (worn)
Magical Staves
 p - an uncursed staff of air
Jewellery
 f - a +4 ring of slaying (left hand)
 n - an amulet of guardian spirit (around neck)
 A - a ring of see invisible (right hand)
Scrolls
 a - 5 scrolls of remove curse {@r2}
 w - a scroll of amnesia
 y - a scroll of enchant armour
 B - 3 scrolls of immolation
Potions
 j - 3 potions of lignification {@q6}
 l - 2 potions of haste {@q4 !q}
 r - a potion of stabbing {@q5 !q}
 s - a potion of might {unknown}
 u - a potion of curing {@q1 !q}
 z - a potion of berserk rage


   Skills:
 - Level 4.0 Fighting
 * Level 5.3 Maces & Flails
 - Level 2.1 Dodging
 - Level 2.1 Stealth
 - Level 1.5 Spellcasting
 + Level 2.1 Translocations
 - Level 0.5 Transmutations
 + Level 2.7 Ice Magic
 - Level 9.0 Earth Magic


You had one spell level left.
You knew the following spells:

 Your Spells              Type           Power        Failure   Level
a - Apportation           Tloc           #.....       19%         1
b - Stone Arrow           Conj/Erth      ###...       22%         3
c - Frozen Ramparts       Ice            ##....       41%         3
d - Sandblast             Erth           ####..       1%          1
p - Passwall              Tmut/Erth      ###.....     10%         2

Your spell library contained the following spells:

 Spells                   Type           Power        Failure   Level
 Freeze                   Ice            ##..         16%         1
 Animate Skeleton         Necr           #.....       43%         1
 Corona                   Hex            #......      43%         1
 Summon Small Mammal      Summ           #...         43%         1
 Lee's Rapid Deconstruct  Erth           ####......   32%         5
 Ozocubu's Armour         Ice            ##......     41%         3
 Petrify                  Tmut/Erth      ###.....     54%         4
 Hailstorm                Conj/Ice       #.......     95%         4
 Summon Ice Beast         Ice/Summ       #.......     95%         4


Dungeon Overview and Level Annotations

Branches:
Dungeon (9/15)             Temple (1/1) D:7           Sewer (visited)
 Bailey (1/1)
   Lair: D:8-11         Orc: D:9-12

Altars:
Ashenzari
Cheibriados
Dithmenos
Elyvilon
Gozag
Kikubaaqudgha
Makhleb
Trog
Uskayaw
Vehumet
Yredelemnul
Zin
The Shining One

Shops:
D:6 *   D:8 [

Annotations:
D:2 Sigmund
D:5 3 runed translucent doors, zordking's ghost, novice OpAE


Innate Abilities, Weirdness & Mutations

You are small and have problems with some larger weapons.
You are somewhat resistant to further mutation.
You are agile. (Dex +2)


Message History

The curare-tipped dart barely misses the orc knight.
You hear a splash.
The wall freezes the gnoll.
You hit the orc knight but do no damage.
The orc knight is lightly wounded.
The gnoll closely misses you.
The wall freezes the hobgoblin.
You hit the orc knight.
Lightning courses through the orc knight!
The orc knight is moderately wounded.
The wall freezes the hobgoblin.
You kill the hobgoblin!
Cheibriados appreciates the change of pace.
The gnoll hits you with a +0 hand axe!
The wall freezes the orc knight.
The orc knight hits you with a +0 broad axe!!
* * * LOW HITPOINT WARNING * * *
Really quaff
h - 2 potions of heal wounds {@q2 !q}?
You feel much better.
The frozen ramparts melt away.
The gnoll hits you but does no damage.
You hit the orc knight but do no damage.
The orc knight is heavily wounded.
The orc knight hits you with a +0 broad axe!
* * * LOW HITPOINT WARNING * * *
Press: ? - help, Dir - move target cursor, p - orc knight
As you read the scroll of blinking {@r4}, it crumbles to dust.
Throwing (i - inventory. (/) - cycle)
g - 25 poisoned darts (quivered)
Press: ? - help, Shift-Dir - straight line, f - orc knight
Aim: an orc knight, wielding a +0 broad axe and wearing a +0 plate armour (heavily wounded, very poisoned, slow)
You throw a poisoned dart.
The poisoned dart closely misses the orc knight.
Your magical contamination has completely faded away.
Throwing (i - inventory. (/) - cycle)
g - 24 poisoned darts (quivered)
Press: ? - help, Shift-Dir - straight line, f/p - orc knight
Aim: an orc knight, wielding a +0 broad axe and wearing a +0 plate armour (heavily wounded, poisoned, slow)
You throw a poisoned dart. The poisoned dart hits the orc knight.
The orc knight looks even sicker.
The orc knight is heavily wounded.
Throwing (i - inventory. (/) - cycle)
g - 23 poisoned darts (quivered)
Press: ? - help, Shift-Dir - straight line, f/p - orc knight
Aim: an orc knight, wielding a +0 broad axe and wearing a +0 plate armour (heavily wounded, very poisoned, slow)
You throw a poisoned dart. The poisoned dart hits the orc knight.
The orc knight is heavily wounded.
Throwing (i - inventory. (/) - cycle)
g - 22 poisoned darts (quivered)
Press: ? - help, Shift-Dir - straight line, f/p - orc knight
Aim: an orc knight, wielding a +0 broad axe and wearing a +0 plate armour (heavily wounded, very poisoned, slow)
You throw a poisoned dart.
The poisoned dart closely misses the orc knight.
Throwing (i - inventory. (/) - cycle)
g - 21 poisoned darts (quivered)
Press: ? - help, Shift-Dir - straight line, f/p - orc knight
Aim: an orc knight, wielding a +0 broad axe and wearing a +0 plate armour (heavily wounded, very poisoned, slow)
You throw a poisoned dart. The poisoned dart hits the orc knight.
The orc knight is heavily wounded.
The orc knight is no longer moving slowly.
Throwing (i - inventory. (/) - cycle)
g - 20 poisoned darts (quivered)
Press: ? - help, Shift-Dir - straight line, f/p - orc knight
Aim: an orc knight, wielding a +0 broad axe and wearing a +0 plate armour (heavily wounded, very poisoned)
You throw a poisoned dart. The poisoned dart hits the orc knight.
The orc knight is heavily wounded.
Throwing (i - inventory. (/) - cycle)
g - 19 poisoned darts (quivered)
Press: ? - help, Shift-Dir - straight line, f/p - orc knight
Aim: an orc knight, wielding a +0 broad axe and wearing a +0 plate armour (heavily wounded, very poisoned)
You throw a poisoned dart. The poisoned dart hits the orc knight.
The orc knight looks even sicker.
The orc knight is heavily wounded.
You aren't carrying any items that you can evoke without wielding.
Really quaff
h - a potion of heal wounds {@q2 !q}?
You feel much better.
You aren't carrying any items that you can evoke without wielding.
Unknown command.
Throwing (i - inventory. (/) - cycle)
g - 18 poisoned darts (quivered)
Press: ? - help, Shift-Dir - straight line, f/p - orc knight
Aim: an orc knight, wielding a +0 broad axe and wearing a +0 plate armour (heavily wounded, very poisoned)
You throw a poisoned dart. The poisoned dart hits the orc knight.
The orc knight is heavily wounded.
The gnoll closely misses you.
Throwing (i - inventory. (/) - cycle)
g - 17 poisoned darts (quivered)
Press: ? - help, Shift-Dir - straight line, f/p - orc knight
Aim: an orc knight, wielding a +0 broad axe and wearing a +0 plate armour (heavily wounded, very poisoned)
Okay, then.
You hit the gnoll but do no damage. Lightning courses through the gnoll!
You kill the gnoll!
Cheibriados appreciates the change of pace.
Throwing (i - inventory. (/) - cycle)
g - 17 poisoned darts (quivered)
Press: ? - help, Shift-Dir - straight line, f/p - orc knight
Aim: an orc knight, wielding a +0 broad axe and wearing a +0 plate armour (heavily wounded, very poisoned)
You throw a poisoned dart.
The poisoned dart barely misses the orc knight.
You hit the orc knight but do no damage.
The orc knight is heavily wounded.
The orc knight hits you with a +0 broad axe!!
You hit the orc knight.
Lightning courses through the orc knight!
The orc knight is severely wounded.
The orc knight hits you with a +0 broad axe!!
* * * LOW HITPOINT WARNING * * *
You hit the orc knight.
The orc knight is almost dead.
You hit the orc knight but do no damage.
The orc knight is almost dead.
The orc knight hits you with a +0 broad axe!!
You die...

#.≈≈≈≈≈.######
####++#.≈≈≈≈≈(.....#
#.....#.≈≈≈≈≈......###
#.....'..............#
#..⌠..'..........∩..∩#
#.....(.((.(.........#
#....g#.≈≈≈≈≈......###
####++#)(≈≈≈≈o.....#
#)≈≈≈≈≈@######
#.≈≈≈≈≈≈# ###≈≈≈≈≈#
#≈≈≈≈≈# #≈≈≈≈≈#
#≈≈≈≈≈# #≈≈≈≈≈#
#≈≈≈≈≈#


You could see an orc knight (very poisoned).

Vanquished Creatures
  Pikel (D:5)
  The ghost of Elric the Caller, a novice DsSu (D:7)
  An ice beast (D:6)
  A phantom (D:6)
  2 black bears
  A centaur (D:8)
  Blork the orc (D:6)
  2 bullfrogs
  A water moccasin skeleton (D:7)
  3 howler monkeys (D:8)
  4 hounds
  A jelly (D:7)
  An orc wizard (D:6)
  An iguana (D:6)
  5 worker ants
  2 worker ant zombies
  6 gnolls
  10 adders
  A shadow imp (D:5)
  2 white imps (D:6)
  An ooze (D:1)
  2 adder skeletons
  A worm (D:2)
  A dart slug (D:2)
  5 leopard geckos
  4 orcs
  6 giant cockroaches
  4 goblins
  9 hobgoblins
  16 jackals
  2 quokkas
  2 ball pythons
  4 bats
  5 frilled lizards
  A jackal skeleton (D:6)
  8 kobolds
  A leopard gecko zombie (D:6)
  A quokka skeleton (D:4)
  6 rats
126 creatures vanquished.

Vanquished Creatures (others)
  18 plants (Sewer)
18 creatures vanquished.

Grand Total: 144 creatures vanquished

Notes
Turn   | Place    | Note
-------+----------+-------------------------------------------
     0 | D:1      | EnegeticOcto the Halfling Earth Elementalist began the
                  | quest for the Orb.
     0 | D:1      | Reached XP level 1. HP: 11/11 MP: 3/3
    68 | D:1      | Reached XP level 2. HP: 7/17 MP: 0/4
   264 | D:2      | Reached skill level 4 in Earth Magic
   264 | D:2      | Reached XP level 3. HP: 14/21 MP: 2/5
   281 | D:2      | Found a shadowy altar of Dithmenos.
   285 | D:2      | Found a glowing silver altar of Zin.
   458 | D:2      | Noticed Sigmund
   628 | D:2      | Reached XP level 4. HP: 24/27 MP: 6/6
   645 | D:2      | Found an opulent altar of Gozag.
   671 | D:2      | Learned a level 2 spell: Passwall
   678 | D:2      | Found a basalt altar of Yredelemnul.
   874 | D:3      | Reached skill level 5 in Earth Magic
   883 | D:3      | Reached XP level 5. HP: 31/31 MP: 7/7
  1109 | D:4      | Gained mutation: You are agile. (Dex +2) [potion of
                  | mutation]
  1117 | D:5      | Entered Level 5 of the Dungeon
  1218 | D:4      | Found a glowing drain.
  1219 | D:4      | Reached skill level 6 in Earth Magic
  1221 | Sewer    | Entered a sewer
  1285 | Sewer    | Reached XP level 6. HP: 34/36 MP: 6/8
  1518 | D:4      | Found a burning altar of Makhleb.
  1608 | D:5      | Found a runed translucent gate.
  1608 | D:5      | Found a runed translucent gate.
  1608 | D:5      | Found a runed translucent gate.
  1608 | D:5      | Found an opulent altar of Gozag.
  1609 | D:5      | Noticed zordking's ghost (novice OpAE)
  1609 | D:5      | Noticed an ogre
  1611 | D:5      | Noticed a sky beast
  1611 | D:5      | Noticed an orc warrior
  1617 | D:5      | Noticed Pikel
  1767 | D:5      | Noticed an ice beast
  1826 | D:5      | Reached skill level 7 in Earth Magic
  1885 | D:5      | Killed Pikel
  1885 | D:5      | Reached skill level 8 in Earth Magic
  1885 | D:5      | Reached XP level 7. HP: 40/41 MP: 6/9
  1885 | D:5      | Reached XP level 8. HP: 45/46 MP: 6/10
  1977 | D:6      | Reached skill level 1 in Fighting
  1977 | D:6      | Reached skill level 1 in Maces & Flails
  1977 | D:6      | Reached skill level 9 in Earth Magic
  1990 | D:6      | Reached skill level 2 in Fighting
  1990 | D:6      | Reached skill level 2 in Maces & Flails
  2001 | D:6      | Found Xawuze's General Store.
  2171 | D:6      | Noticed Blork the orc
  2198 | D:6      | Killed Blork the orc
  2223 | D:6      | Bought a potion of lignification for 39 gold pieces
  2223 | D:6      | Bought a scroll of blinking for 97 gold pieces
  2435 | D:6      | Reached skill level 3 in Fighting
  2435 | D:6      | Reached skill level 3 in Maces & Flails
  2521 | D:7      | Found a staircase to the Ecumenical Temple.
  2526 | Temple   | Entered the Ecumenical Temple
  2540 | Temple   | Became a worshipper of Cheibriados the Contemplative
  2581 | D:7      | Found a runed translucent door.
  2582 | D:7      | Noticed Elric's ghost (novice DsSu)
  2592 | D:7      | Learned a level 3 spell: Stone Arrow
  2596 | D:7      | Learned a level 3 spell: Frozen Ramparts
  2605 | D:7      | Killed Elric's ghost
  2605 | D:7      | Reached skill level 4 in Fighting
  2605 | D:7      | Reached skill level 4 in Maces & Flails
  2605 | D:7      | Reached skill level 1 in Ice Magic
  2605 | D:7      | Reached XP level 9. HP: 53/58 MP: 3/11
  2614 | D:7      | Learned a level 1 spell: Apportation
  2692 | D:8      | Reached skill level 1 in Translocations
  2692 | D:8      | Reached skill level 2 in Ice Magic
  2710 | D:8      | Reached skill level 5 in Maces & Flails
  2729 | D:8      | Reached skill level 2 in Translocations
  2755 | D:8      | Found Weud's Antique Armour Shoppe.
  2912 | D:9      | Found a glowing golden altar of the Shining One.
  2933 | D:9      | Found a flagged portal.
  2950 | Bailey   | Entered a bailey
  2964 | Bailey   | Noticed an orc knight
  2972 | Bailey   | Reached * piety under Cheibriados
  2993 | Bailey   | Demolished by an orc knight

Illustrated notes

Levels and vault maps discovered:
D:1:      eino_arrival_tree_alley, layout_basic, hex_large, dk_noncrumbling_3
D:2:      layout_loops_ring, nicolae_overflow_hidden_temple,
          nicolae_dithmenos_through_a_glass_darkly,
          nicolae_gozag_cash_rules_everything_around_me,
          nicolae_overflow_crystal_walls, uniq_sigmund
D:3:      layout_basic
D:4:      layout_rooms, serial_forest, infiniplex_forest_straight_2,
          infiniplex_forest_lined_2, infiniplex_forest_end_3,
          infiniplex_forest_end_2, infiniplex_forest_lined_2,
          infiniplex_forest_end_1, portal_sewer_entry_d,
          makhleb_heckhound_becter
D:5:      layout_gridville, ebering_ghost_gozag, uniq_pikel
D:6:      layout_cave_pools, serial_shops, nicolae_shop_waterfront,
          uniq_blork_the_orc
D:7:      layout_cave_pods, overflow_temple_1_default, temple_doors_cd,
          gammafunk_ghost_grave, nrook_uturn
D:8:      layout_rooms, serial_shops, nicolae_shop_trees
D:9:      layout_roguey, orc_david_3, enter_bailey_7,
          gammafunk_ghost_abyssal_escape, grunt_ministairs_1, tso_metal_star
Temple:   compressed_dpeg_circular_temple
Bailey:   bailey_axe_of_yendor_kennysheep, bailey

Skill      XL: |  1  2  3  4  5  6  7  8  9 |
---------------+----------------------------+-----
Earth Magic    | 4 5 6 8 9 |  9.0
Fighting       | 4 |  4.0
Maces & Flails | 4 5 |  5.3
Ice Magic      | 1 2 |  2.7
Translocations | 2 |  2.1
Dodging        | |  2.1
Stealth        | |  2.1
Spellcasting   | |  1.5
Transmutations | |  0.5

Action                   |  1- 3 |  4- 6 |  7- 9 || total
-------------------------+-------+-------+-------++-------
Melee: Dagger            |    13 |       |       ||    13
       Hand axe          |    22 |   148 |       ||   170
       Whip              |       |       |   121 ||   121
Throw: Dart              |       |    17 |    17 ||    34
       Stone             |       |       |     1 ||     1
 Cast: Sandblast         |    26 |    22 |    25 ||    73
       Passwall          |       |     5 |     1 ||     6
       Apportation       |       |       |     2 ||     2
       Frozen Ramparts   |       |       |     1 ||     1
  Use: Scroll            |       |     9 |     7 ||    16
       Potion            |       |     3 |     5 ||     8
 Stab: Sleeping          |     1 |       |       ||     1
Armor: Robe              |     4 |       |       ||     4
       Ring mail         |     2 |    60 |    42 ||   104
Dodge: Dodged            |    37 |   147 |    71 ||   255

Table legend: (Time is in decaauts)
 A = Elapsed time spent in this place.
 B = Non-inter-level travel time spent in this place.
 C = Inter-level travel time spent in this place.
 D = Time resting spent in this place.
 E = Time spent auto-exploring this place.
 F = Levels seen in this place.
 G = Mean time per level.
                   A        B        C        D        E       F      G
               +--------+--------+--------+--------+--------+-----+--------+
         Total |   3239 |   3216 |     23 |      0 |      0 |  12 |  269.9 |
       Dungeon |   2793 |   2770 |     23 |      0 |      0 |   9 |  310.3 |
        Temple |     32 |     32 |      0 |      0 |      0 |   1 |   32.0 |
         Sewer |    365 |    365 |      0 |      0 |      0 |   1 |  365.0 |
        Bailey |     47 |     47 |      0 |      0 |      0 |   1 |   47.0 |
               +--------+--------+--------+--------+--------+-----+--------+

Top non-repeatable levels by time:
     D:5: 624 daAuts
     D:1: 391 daAuts
   Sewer: 365 daAuts
     D:4: 332 daAuts
     D:6: 319 daAuts
     D:2: 298 daAuts
     D:3: 267 daAuts
     D:7: 264 daAuts
     D:8: 228 daAuts
     D:9: 66 daAuts
  Bailey: 47 daAuts
  Temple: 32 daAuts
